 Dungeon Crawl Stone Soup version 0.32-a0-42-ga30500b4d3 (webtiles) character file.

Game seed: 13861166726524132174

191 Ambrosia the Trooper (level 5, 29/29 HPs)
             Began as a Felid Cinder Acolyte on Feb 2, 2024.
             Was an Initiate of Ignis.
             Quit the game on level 5 of the Dungeon.
             The game lasted 00:03:01 (942 turns).

Ambrosia the Trooper (Felid Cinder Acolyte)          Turns: 942, Time: 00:03:02

Health: 29/29      AC:  1    Str: 12    XL:     5   Next: 42%
Magic:  9/9        EV: 15    Int: 17    God:    Ignis [......]
Gold:   58         SH:  0    Dex: 12    Spells: 9/9 levels left
                                        Lives:  1   Deaths: 1

rFire   + .          .
                       - Unarmed
rCold   . . .        (shield unavailable)
rNeg    . . .        (body armour unavailable)
rPois   .            (helmet unavailable)
rElec   .            (cloak unavailable)
rCorr   .            (gloves unavailable)
SInv    +            (boots unavailable)
Will    .....        (no amulet)
Stlth   +            (no ring)
HPRegen 0.24/turn    (no ring)
MPRegen 0.11/turn

%: no passive effects
@: no status effects
A: very small, claws 1, fangs 3, see invisible, shaggy fur 1, stealthy paws, no
weapons or thrown items, no armour, multi-lived
a: Renounce Religion


You were on level 5 of the Dungeon.
You worshipped Ignis.
Ignis was noncommittal.
You visited 1 branch of the dungeon, and saw 5 of its levels.

You collected 58 gold pieces.

Inventory:

Jewellery
 d - a ring of flight {+Fly}
   (You found it on level 4 of the Dungeon)
Scrolls
 a - a scroll of identify {@r1}
 c - a scroll of teleportation {!r!d, @r3}
Potions
 e - a potion of invisibility {unknown}


   Skills:
 + Level 4.0 Fighting
 + Level 4.0 Unarmed Combat
 + Level 2.5 Spellcasting
 + Level 3.6 Fire Magic


You had 9 spell levels left.
You didn't know any spells.
Your spell library contained the following spells:

 Spells                   Type           Power      Damage    Failure   Level
 Scorch                   Fire           28%        2d6       6%          2
 Blink                    Tloc           4%         N/A       28%         2
 Lesser Beckoning         Tloc           4%         N/A       28%         2
 Momentum Strike          Conj/Tloc      4%         3d8       28%         2


Dungeon Overview and Level Annotations

Branches:
Dungeon (4/15) Zot: 27000  Temple (0/1) D:4

Altars:
Qazlal
Trog

Shops:
D:1 =   D:4 *

Annotations:
D:5 Blork the orc


Innate Abilities, Weirdness & Mutations

You have sharp claws.
You have razor-sharp teeth.
You have supernaturally acute eyesight. (SInv)
You are covered in fur. (AC +1)
Your paws help you pounce on unaware monsters.
You are incapable of wielding weapons or throwing items.
You cannot wear armour.
You gain extra lives every three experience levels.


Message History

[Y]es or [N]o only, please.
Really read
c - a scroll of teleportation {!r!d, @r3}? [Y]es or [N]o only, please.
Really read
c - a scroll of teleportation {!r!d, @r3}?
Okay, then.
Unknown command.
No target in view!
There is an open translucent door here.
Found a stone staircase leading down.
No target in view!
A gnoll comes into view. It is wielding a +0 club.
The gnoll shouts!
You hear a shout! x2
A gnoll comes into view. It is wielding a +0 whip.
There are monsters nearby!
A gnoll comes into view. It is wielding a +3 whip.
Found an escape hatch in the floor.
There are monsters nearby!
Activating: Foxfire Swarm
Press: ? - help, Dir - look around, f - activate Flames leap up around you!
The foxfire hits the gnoll.
The foxfire hits the gnoll. x2
You kill the gnoll!
The foxfire hits the gnoll. x3
You kill the gnoll!
The foxfire hits the gnoll. x2
Your Fighting skill increases to level 4!
Your Unarmed Combat skill increases to level 4!
There is a stone staircase leading down here.
The foxfire hits the gnoll. x5
You kill the gnoll!
There is a stone staircase leading down here.
No target in view!
a - a scroll of identify {@r1} You begin to rise into the air.
With a burst of heat and light, you rocket upward!
A ball python comes into view.
There is a shaft here.
Okay, then.
The ball python hisses angrily.
There is a shaft here.
You fall into a shaft and drop 2 floors!
The shaft crumbles and collapses.
You hear the sound of rushing water.
There is an entrance to a sewer on this level.
Hurry and find it before the portal rusts away!
No target in view!
Found a stone staircase leading down.
No target in view!
You see here 7 stones.
Blork the orc comes into view.
He is wielding a +2 halberd of flaming.
Activating: Foxfire Swarm
Press: ? - help, Dir - look around, f - activate Flames leap up around you!
The foxfire hits Blork the orc. x2
Blork the orc barely misses you.
Activating: Foxfire Swarm
Press: ? - help, Dir - look around, f - activate Flames leap up around you!
You can no longer armour yourself in flame.
You can no longer call a swarm of foxfires against your foes.
Blork the orc barely misses you.
Okay, then.
The foxfire hits Blork the orc. x2; Blork the orc barely misses you.
The foxfire hits Blork the orc but does no damage.
Blork the orc hits you with a +2 halberd of flaming!
Ouch! That really hurt!
Blork the orc burns you.
You take 17 damage, and have 12/29 hp.
MASSIVE DAMAGE!!
Attack: -) Teeth and claws
Press: ? - help, Dir - move target, f - Blork the orc
Aim: Blork the orc, wielding a +2 halberd of flaming and wearing a +0 robe (heavily wounded, about 31% to evade your paws)
You scratch Blork the orc.
Attack: -) Teeth and claws
Press: ? - help, Dir - move target, f/p - Blork the orc
Aim: Blork the orc, wielding a +2 halberd of flaming and wearing a +0 robe (heavily wounded, about 31% to evade your paws)
You barely miss Blork the orc.
Blork the orc hits you with a +2 halberd of flaming!
* * * LOW HITPOINT WARNING * * *
You take 7 damage, and have 5/29 hp.
MASSIVE DAMAGE!!
Attack: -) Teeth and claws
Press: ? - help, Dir - move target, f/p - Blork the orc
Aim: Blork the orc, wielding a +2 halberd of flaming and wearing a +0 robe (heavily wounded, about 31% to evade your paws)
You scratch Blork the orc. Blork the orc misses you.
Attack: -) Teeth and claws
Press: ? - help, Dir - move target, f/p - Blork the orc
Aim: Blork the orc, wielding a +2 halberd of flaming and wearing a +0 robe (severely wounded, about 31% to evade your paws)
Okay, then.
Attack: -) Teeth and claws
Press: ? - help, Dir - move target, f/p - Blork the orc
Aim: Blork the orc, wielding a +2 halberd of flaming and wearing a +0 robe (severely wounded, about 31% to evade your paws)
You scratch Blork the orc but do no damage.
Blork the orc closely misses you.
You scratch Blork the orc. Your bite misses Blork the orc.
Blork the orc points at you and mumbles some strange words.
The magic dart hits you!
You die...
You rejoin the land of the living...
Found 2 coppery potions and 11 gold pieces.
Found a stormy altar of Qazlal.
Health restored: 29 Unknown command.

.#......
†...?...
.......
o######.
≈≈.≈≈.. .#
.≈.≈.$. .#
.....≈. ..
≈...≈≈. #####.#
.._!... ......#
≈...≈≈.########
.######
.....≈.@.......
.#
.≈.≈....#######
.# ≈≈.≈≈.... .#
......####
.#####.# .....#
.......# .#...
..>....# #..
######.# ###


There were no monsters in sight!

Vanquished Creatures
  The ghost of Azoth the Ruffian, an amateur TrSh of Xom (D:4)
  An adder (D:2)
  3 gnolls (D:4)
  A ball python (D:4)
  2 giant cockroaches (D:1 D:4)
  A kobold (D:2)
  2 bats (D:3)
  2 frilled lizards (D:1)
  A goblin (D:1)
14 creatures vanquished.

Vanquished Creatures (others)
  92 foxfires (D:1 D:2 D:4 D:5)
92 creatures vanquished.

Grand Total: 106 creatures vanquished

Notes
Turn   | Place    | Note
-------+----------+-------------------------------------------
     0 | D:1      | Ambrosia the Felid Cinder Acolyte began the quest for the
                  | Orb.
     0 | D:1      | Reached XP level 1. HP: 12/12 MP: 3/3
    21 | D:1      | Found Pequschi's Jewellery Boutique.
   176 | D:2      | HP: 5/12 [poisoned by an adder]
   177 | D:2      | Reached XP level 2. HP: 7/16 MP: 5/5
   181 | D:2      | HP: 3/16 [poisoned by an adder]
   662 | D:4      | Found a staircase to the Ecumenical Temple.
   677 | D:4      | Found Homel's General Store.
   701 | D:4      | Found a runed translucent door.
   712 | D:4      | Found a bloodstained altar of Trog.
   727 | D:4      | Noticed Azoth's ghost (amateur TrSh)
   741 | D:4      | HP: 1/16 [Azoth's ghost (15)]
   742 | D:4      | Killed Azoth's ghost
   743 | D:4      | Reached skill level 2 in Spellcasting
   743 | D:4      | Reached skill level 3 in Fire Magic
   743 | D:4      | Reached XP level 3. HP: 2/21 MP: 5/7
   743 | D:4      | Reached XP level 4. HP: 2/25 MP: 5/8
   743 | D:4      | Gained a life (2 lives remaining)
   743 | D:4      | Reached XP level 5. HP: 3/29 MP: 5/9
   893 | D:4      | Reached skill level 4 in Fighting
   893 | D:4      | Reached skill level 4 in Unarmed Combat
   907 | D:3      | You fall into a shaft and drop 2 floors!
   907 | D:5      | Entered Level 5 of the Dungeon
   929 | D:5      | Noticed Blork the orc
   936 | D:5      | HP: 13/29 [Blork the orc/+2 halberd of flaming (16)]
   938 | D:5      | HP: 5/29 [Blork the orc/+2 halberd of flaming (7)]
   941 | D:5      | Killed from afar by Blork the orc
   941 | D:5      | Lost a life (1 life remaining)
   942 | D:5      | Found a stormy altar of Qazlal.
   942 | D:5      | Quit the game

Illustrated notes

Levels and vault maps discovered:
D:1:      lemuel_arrival_rhombus, layout_loops_corners,
          shapermc_ecumenical_altar_totnotflames, serial_shops, shop, shop,
          shop, shop, shop, dreamdust_mushroom_princess
D:2:      layout_basic
D:3:      layout_basic, grunt_decor_cap, serial_bayou_crossing
D:4:      layout_basic, lemuel_crystal_altar, minmay_temple_entry_offerings,
          serial_shops, nicolae_stop_n_shop_1, nicolae_stop_n_shop_2, shop,
          shop, nicolae_lakefront_shop, hellmonk_ghost_happy_afterlife,
          serial_co_window_serial, co_window_paths_a, co_window_paths_b,
          co_window_cross_1, co_window_paths_b, co_window_paths_b,
          co_window_paths_c, co_window_corner_b, co_window_broadway_c,
          co_window_corner_b, co_window_broadway_b, co_window_of_opportunity_b,
          glass_columns_a, glass_columns_a, glass_columns_b, uniq_robin
D:5:      layout_basic, mainiacjoe_overflow_small_starburst,
          mainiacjoe_sewer_entry_somewhere_in_here_1, guppyfry_early_lair_pool,
          uniq_blork_the_orc, uniq_pikel

Skill      XL: |  1  2  3  4  5 |
---------------+----------------+-----
Spellcasting   | 2 |  2.5
Fire Magic     | 3 |  3.6
Fighting       | 4 |  4.0
Unarmed Combat | 4 |  4.0

Action                     |  1- 3 |  4- 6 || total
---------------------------+-------+-------++-------
  Melee: Unarmed           |    34 |     5 ||    39
         Bite              |     3 |       ||     3
 Invoke: Foxfire Swarm     |     5 |     3 ||     8
         Rising Flame      |       |     1 ||     1
    Use: Scroll            |       |     3 ||     3
   Stab: Sleeping          |     1 |       ||     1
 Armour: Skin              |    25 |     3 ||    28
  Dodge: Dodged            |    50 |     5 ||    55

Table legend: (Time is in decaauts)
 A = Elapsed time spent in this place.
 B = Non-inter-level travel time spent in this place.
 C = Inter-level travel time spent in this place.
 D = Time resting spent in this place.
 E = Time spent auto-exploring this place.
 F = Levels seen in this place.
 G = Mean time per level.
                   A        B        C        D        E       F      G
               +--------+--------+--------+--------+--------+-----+--------+
         Total |    938 |    906 |     32 |    262 |    376 |   5 |  187.6 |
       Dungeon |    938 |    906 |     32 |    262 |    376 |   5 |  187.6 |
               +--------+--------+--------+--------+--------+-----+--------+

Top non-repeatable levels by time:
     D:2: 327 daAuts
     D:4: 241 daAuts
     D:3: 217 daAuts
     D:1: 117 daAuts
     D:5: 34 daAuts

Levels and vault maps discovered:
D:1:      lemuel_arrival_rhombus, layout_loops_corners,
          shapermc_ecumenical_altar_totnotflames, serial_shops, shop, shop,
          shop, shop, shop, dreamdust_mushroom_princess
D:2:      layout_basic
D:3:      layout_basic, grunt_decor_cap, serial_bayou_crossing
D:4:      layout_basic, lemuel_crystal_altar, minmay_temple_entry_offerings,
          serial_shops, nicolae_stop_n_shop_1, nicolae_stop_n_shop_2, shop,
          shop, nicolae_lakefront_shop, hellmonk_ghost_happy_afterlife,
          serial_co_window_serial, co_window_paths_a, co_window_paths_b,
          co_window_cross_1, co_window_paths_b, co_window_paths_b,
          co_window_paths_c, co_window_corner_b, co_window_broadway_c,
          co_window_corner_b, co_window_broadway_b, co_window_of_opportunity_b,
          glass_columns_a, glass_columns_a, glass_columns_b, uniq_robin
D:5:      layout_basic, mainiacjoe_overflow_small_starburst,
          mainiacjoe_sewer_entry_somewhere_in_here_1, guppyfry_early_lair_pool,
          uniq_blork_the_orc, uniq_pikel

Table legend: (Time is in decaauts)
 A = Elapsed time spent in this place.
 B = Non-inter-level travel time spent in this place.
 C = Inter-level travel time spent in this place.
 D = Time resting spent in this place.
 E = Time spent auto-exploring this place.
 F = Levels seen in this place.
 G = Mean time per level.
                   A        B        C        D        E       F      G
               +--------+--------+--------+--------+--------+-----+--------+
         Total |    938 |    906 |     32 |    262 |    376 |   5 |  187.6 |
       Dungeon |    938 |    906 |     32 |    262 |    376 |   5 |  187.6 |
               +--------+--------+--------+--------+--------+-----+--------+

Top non-repeatable levels by time:
     D:2: 327 daAuts
     D:4: 241 daAuts
     D:3: 217 daAuts
     D:1: 117 daAuts
     D:5: 34 daAuts

Table legend:
 A = Kills in this place as a percentage of kills in the entire game.
 B = Kills by you in this place as a percentage of kills by you in the entire game.
 C = Kills by friends in this place as a percentage of kills by friends in the entire game.
 D = Other kills in this place as a percentage of other kills in the entire game.
 E = Experience gained in this place as a percentage of experience gained in the entire game.
 F = Experience gained in this place divided by the number of levels of this place that you have seen.
                   A       B       C       D       E      F
               +-------+-------+-------+-------+-------+----------------------
         Total | 100.0 | 100.0 |   N/A |   N/A | 100.0 |  54.8
       Dungeon | 100.0 | 100.0 |   N/A |   N/A | 100.0 |  54.8
               +-------+-------+-------+-------+-------+----------------------
